 Dungeon Crawl Stone Soup version 0.27-a0-1154-gfdeffcb720 (webtiles) character file.

Game seed: 1033780698730124930

18 leviel the Shield-Bearer (level 2, -1/27 HPs)
             Began as a Minotaur Fighter on May 14, 2021.
             Slain by a goblin
             ... wielding a +0 club
              (2 damage)
             ... on level 2 of the Dungeon.
             The game lasted 00:00:58 (1010 turns).

leviel the Shield-Bearer (Minotaur Fighter)         Turns: 1010, Time: 00:00:59

Health: -1/27      AC:  7    Str: 20    XL:     2   Next: 51%
Magic:  1/1        EV:  7    Int:  5    God:
Gold:   38         SH:  9    Dex:  9    Spells: 1/1 levels left

rFire    . . .     SeeInvis .   a - +0 war axe
rCold    . . .     Faith    .   c - +0 kite shield
rNeg     . . .     Spirit   .   b - +0 scale mail
rPois    .         Reflect  .   (helmet restricted)
rElec    .         Harm     .   (no cloak)
rCorr    .         Rampage  .   (no gloves)
Will     .....                  (no boots)
Stlth    ..........             (no amulet)
HPRegen  0.09/turn              (no ring)
MPRegen  0.07/turn              (no ring)

@: lethally poisoned (-1 -> -3), attractive, slowed, very slow
A: horns 2, retaliatory headbutt
a: no special abilities


You were on level 2 of the Dungeon.
You visited 1 branch of the dungeon, and saw 2 of its levels.

You collected 38 gold pieces.

Inventory:

Hand Weapons
 a - a +0 war axe (weapon)
Armour
 b - a +0 scale mail (worn)
 c - a +0 kite shield (worn)
Scrolls
 f - a scroll of enchant weapon {unknown}
Potions
 d - a potion of might
 g - a potion of mutation {unknown}


   Skills:
 + Level 4.0 Fighting
 + Level 2.7 Axes
 + Level 3.8 Armour
 + Level 4.1 Shields


You had one spell level left.
You didn't know any spells.
Your spell library contained the following spells:

 Spells                   Type           Power      Damage    Failure   Level
 Corona                   Hex            0%         N/A       99%         1
 Magic Dart               Conj           0%         1d3       99%         1
 Ensorcelled Hibernation  Hex/Ice        0%         N/A       100%        2
 Searing Ray              Conj           0%         3d3       100%        2
 Confusing Touch          Hex            0%         N/A       100%        3
 Dazzling Flash           Conj/Hex       0%         N/A       100%        3
 Tukima's Dance           Hex            0%         N/A       100%        3
 Fulminant Prism          Conj/Hex       0%         3d6       100%        4
 Iskenderun's Mystic Bla  Conj/Tloc      0%         2d3       100%        4


Dungeon Overview and Level Annotations

Branches:
Dungeon (2/15)

Altars:
Uskayaw


Innate Abilities, Weirdness & Mutations

You have a pair of horns on your head.
You reflexively headbutt those who attack you in melee.


Message History

A hobgoblin comes into view.
The hobgoblin shouts!
You hear a shout!
You see here a +2 mace of holy wrath.
You closely miss the hobgoblin. The hobgoblin hits you.
A goblin comes into view.
It is wielding a +0 club and quivering curare-tipped darts.
The hobgoblin hits you.
The goblin shouts!
You hit the hobgoblin.
The hobgoblin is almost dead.
The hobgoblin hits you but does no damage.
The goblin throws a curare-tipped dart.
You block the curare-tipped dart.
You hit the hobgoblin.
You kill the hobgoblin!
The goblin throws a curare-tipped dart.
The curare-tipped dart hits you.
You are poisoned.
You have difficulty breathing.
You feel yourself slow down.
The goblin throws a curare-tipped dart.
The curare-tipped dart barely misses you.
Your Fighting skill increases to level 4!
You feel very sick.
You are too injured to fight recklessly!
You are too injured to fight recklessly!
You feel very sick. The goblin barely misses you.
You hit the goblin but do no damage. You headbutt the goblin.
The goblin is heavily wounded.
* * * LOW HITPOINT WARNING * * *
You feel very sick. The goblin hits you but does no damage.
You block the goblin's attack.
You barely miss the goblin. Your headbutt misses the goblin.
The goblin is heavily wounded.
* * * LOW HITPOINT WARNING * * *
You feel very sick. The goblin hits you but does no damage.
You block the goblin's attack. The goblin hits you but does no damage.
It was a potion of attraction.
You feel attractive to monsters.
* * * LOW HITPOINT WARNING * * *
You feel sick. The goblin hits you with a +0 club.
You die...

#.#.......# #........#
#...###.#<###.#.....##
###.# #.#..........##
#..##.#(.#.......#
##.......).......#
##.........######
##........##
#....†....#
#..@......#
#.g.......#
#........##
.........##
###....#### #..### ...
#..#


You could see a goblin.

Vanquished Creatures
  2 endoplasms
  2 giant cockroaches (D:1)
  A goblin (D:1)
  2 hobgoblins
  2 jackals (D:1)
  2 kobolds (D:1)
  2 ball pythons (D:1)
  2 frilled lizards
  2 rats (D:1)
17 creatures vanquished.

Notes
Turn   | Place    | Note
-------+----------+-------------------------------------------
     0 | D:1      | leviel the Minotaur Fighter began the quest for the Orb.
     0 | D:1      | Reached XP level 1. HP: 19/19 MP: 0/0
   176 | D:1      | Reached XP level 2. HP: 27/27 MP: 1/1
   967 | D:2      | Found a hide-covered altar of Uskayaw.
  1010 | D:2      | HP: 1/27 [poisoned by goblin (curare-tipped dart)]
  1010 | D:2      | Slain by a goblin

Illustrated notes

Levels and vault maps discovered:
D:1:      minmay_arrival_checkered_box, layout_loops_ring, serial_rivers,
          chequers_serial_rivers_small_a, chequers_serial_rivers_room_a,
          chequers_serial_rivers_micro_c, chequers_serial_rivers_micro_d,
          chequers_serial_rivers_small_b
D:2:      layout_rooms, basic_altar, st_stairs_14, uniq_crazy_yiuf_cottage,
          uniq_sigmund, uniq_robin

Skill      XL: |  1  2 |
---------------+-------+-----
Shields        | 4 |  4.1
Fighting       | 4 |  4.0
Axes           | |  2.7
Armour         | |  3.8

Action                   || total
-------------------------++-------
Melee: War axe           ||    36
       Headbutt          ||     8
  Use: Potion            ||     1
Armor: Scale mail        ||    11
Dodge: Dodged            ||     7
Block: Kite shield       ||    19

Table legend: (Time is in decaauts)
 A = Elapsed time spent in this place.
 B = Non-inter-level travel time spent in this place.
 C = Inter-level travel time spent in this place.
 D = Time resting spent in this place.
 E = Time spent auto-exploring this place.
 F = Levels seen in this place.
 G = Mean time per level.
                   A        B        C        D        E       F      G
               +--------+--------+--------+--------+--------+-----+--------+
         Total |   1045 |    990 |     55 |      0 |    879 |   2 |  522.5 |
       Dungeon |   1045 |    990 |     55 |      0 |    879 |   2 |  522.5 |
               +--------+--------+--------+--------+--------+-----+--------+

Top non-repeatable levels by time:
     D:1: 946 daAuts
     D:2: 98 daAuts
